 Dungeon Crawl Stone Soup version 0.14-a0-1444-g21dc12d (webtiles) character file.

191 PolkaDot the Cutter (level 4, -2/34 HPs)
             Began as a Vampire Death Knight on Dec 13, 2013.
             Was a Believer of Yredelemnul.
             Slain by Crazy Yiuf
             ... wielding a +3,+2 quarterstaff of chaos
              (3 damage)
             ... on Level 3 of the Dungeon.
             The game lasted 00:09:06 (1909 turns).

PolkaDot the Cutter (Vampire Death Knight)          Turns: 1909, Time: 00:09:07

HP  -2/34        AC  4     Str 12      XL: 4   Next: 51%
MP   5/5         EV 10     Int 13      God: Yredelemnul [**....]
Gold 88          SH  0     Dex 14      Spells:  0 memorised,  3 levels left

rFire  . . .     SeeInvis +     a - +1 short sword
rCold  . . .     Clarity  .     b - +0 leather armour
rNeg   . . .     Conserve .     (no shield)
rPois  .         rCorr    .     f - +0 horned helmet
rElec  .         rRot     .     (no cloak)
SustAb . .       Spirit   .     (no gloves)
rMut   .         Warding  .     (no boots)
Saprov . . .     Stasis   .     (no amulet)
                                (no ring)
                                (no ring)

@: regenerating quickly, slowed, very slow, slightly resistant to hostile
enchantments, unstealthy
A: fangs 3, see invisible, unbreathing
a: Animate Remains, Recall Undead Slaves, Injury Mirror, Renounce Religion


You were on level 3 of the Dungeon.
You worshipped Yredelemnul.
Yredelemnul was pleased with you.
You were very full.

You visited 1 branch of the dungeon, and saw 3 of its levels.

You collected 88 gold pieces.

Inventory:

Hand weapons
 a - a +1,+1 short sword (weapon)
Armour
 b - a +0 leather armour (worn)
 f - a +0 horned helmet (worn)
Scrolls
 c - a scroll of identify
 e - 3 scrolls of remove curse
 h - a scroll of immolation {unknown}
 i - 2 scrolls of teleportation
 j - a scroll of curse weapon {unknown}
Potions
 d - a potion of flight


   Skills:
 + Level 2.8 Fighting
 * Level 4.5 Short Blades
 - Level 0.7 Armour
 - Level 1.1 Dodging
 - Level 2.4 Invocations


You had 3 spell levels left.
You didn't know any spells.

Dungeon Overview and Level Annotations

Branches:
Dungeon (3/16)

Altars:
Elyvilon
Makhleb

Annotations:
D:3 Crazy Yiuf


Innate Abilities, Weirdness & Mutations

Your natural rate of healing is unusually fast.
You have razor-sharp teeth.*
You have supernaturally acute eyesight.
You can survive without breathing.*


Message History

You feel as though you will be slow longer.
Your leather armour prevents you from hitting Crazy Yiuf.
Crazy Yiuf is severely wounded.
Crazy Yiuf hits you but does no damage.
You hit Crazy Yiuf.
Crazy Yiuf is almost dead.
Crazy Yiuf hits you with a quarterstaff of chaos.
You hit Crazy Yiuf but do no damage.
Crazy Yiuf is almost dead.
Crazy Yiuf hits you with a quarterstaff of chaos.
* * * LOW HITPOINT WARNING * * *
Crazy Yiuf freezes you.
* * * LOW HITPOINT WARNING * * *
You barely miss Crazy Yiuf.
Crazy Yiuf is almost dead.
Crazy Yiuf hits you with a quarterstaff of chaos.
* * * LOW HITPOINT WARNING * * *
Crazy Yiuf burns you.
You die...
Yredelemnul claims you as an undead slave.

........### .
........#.# .♣♣
..........# ♣.♣♣♣
.........## ♣♣.♣♣♣
.........# ♣♣♣♣.♣♣
.........# ♣♣♣♣.♣♣♣
........## ♣♣♣.f.♣♣
..>.....# ♣♣fgP.♣♣
'######## ##..@.## .#
#....# .# ###....###
.# #........# .#
#........# .#
#........# .#
#........#
.###########........#
....................#


You could see Crazy Yiuf.

Vanquished Creatures
  A yak skeleton (D:3)
  2 adders (D:2)
  A giant mite (D:2)
  A giant gecko (D:1)
  An ooze (D:2)
  8 bats
  2 giant cockroaches (D:1)
  3 hobgoblins
  2 jackals (D:2)
  3 kobolds
  A giant newt (D:1)
  10 goblins
  A quokka (D:2)
  6 rats
42 creatures vanquished.

Vanquished Creatures (others)
  A bat skeleton (D:3)
1 creature vanquished.

Grand Total: 43 creatures vanquished

Notes
Turn   | Place    | Note
--------------------------------------------------------------
     0 | D:1      | PolkaDot, the Vampire Death Knight, began the quest for the Orb.
     0 | D:1      | Reached XP level 1. HP: 16/16 MP: 1/1
   393 | D:1      | Reached XP level 2. HP: 15/22 MP: 2/2
   606 | D:1      | Reached skill level 3 in Short Blades
   976 | D:2      | Reached XP level 3. HP: 22/27 MP: 4/4
  1111 | D:2      | Acquired Yredelemnul's second power
  1224 | D:2      | Found a white marble altar of Elyvilon.
  1224 | D:2      | Found a burning altar of Makhleb.
  1233 | D:2      | Reached skill level 4 in Short Blades
  1766 | D:3      | Reached XP level 4. HP: 34/34 MP: 5/5
  1887 | D:3      | Noticed Crazy Yiuf
  1902 | D:3      | Paralysed by Crazy Yiuf for 3 turns
  1909 | D:3      | HP: 1/34 [Crazy Yiuf/quarterstaff of chaos (6)]
  1909 | D:3      | Slain by Crazy Yiuf

Action                   |  1- 3 |  4- 6 || total
-------------------------+-------+-------++-------
Melee: Short sword       |   134 |    10 ||   144
Invok: Animate Remains   |     7 |       ||     7
       Injury Mirror     |       |     1 ||     1
  Use: Scroll            |    11 |       ||    11
       Potion            |     4 |       ||     4
 Stab: Invisible         |     3 |       ||     3
